 Dungeon Crawl Stone Soup version 0.18.1-48-g4cf74bf (webtiles) character file.

7088 whoisvolos the Nimble (level 10, 0/84 HPs)
             Began as a Minotaur Fighter on Aug 2, 2016.
             Was an Elder of Trog.
             Succumbed to Maurice's poison
             ... on level 2 of the Orcish Mines on Aug 3, 2016.
             The game lasted 01:47:46 (12319 turns).

whoisvolos the Nimble (Minotaur Fighter)           Turns: 12319, Time: 01:47:46

Health: 0/84       AC: 12    Str: 23    XL:     10   Next: 84%
Magic:  9/9        EV: 15    Int:  5    God:    Trog [****..]
Gold:   676        SH:  0    Dex: 13    Spells: 0 memorised, 9 levels left

rFire  . . .     SeeInvis .     N - +0 halberd
rCold  + . .     Gourm    .     l - +3 scale mail {rC+}
rNeg   . . .     Faith    .     (shield currently unavailable)
rPois  +         Spirit   .     (helmet restricted)
rElec  .         Dismiss  +     y - +2 cloak
rCorr  .         Reflect  .     (no gloves)
SustAt .         Harm     .     r - +0 pair of boots
MR     .....                    L - amulet of dismissal
Stlth  ..........               R - ring of poison resistance
                                M - +2 ring of dexterity

@: lethally poisoned (0 -> -4), corroded, not resistant to hostile enchantments,
extremely unstealthy
A: retaliatory headbutt, horns 2
a: Berserk, Trog's Hand, Brothers in Arms, Burn Spellbooks, Renounce Religion


You were on level 2 of the Orcish Mines.
You worshipped Trog.
Trog was greatly pleased with you.
You were not hungry.

You visited 2 branches of the dungeon, and saw 12 of its levels.
You also visited: Sewer.

You collected 751 gold pieces.
You spent 75 gold pieces at shops.

Inventory:

Hand Weapons
 g - a +0 hunting sling
 h - a +3 shortbow
 z - a +0 flail of crushing
 N - a +0 halberd (weapon)
Missiles
 b - 136 bolts
 e - 213 arrows
 p - 191 stones (quivered)
Armour
 c - a +0 shield
 l - a +3 scale mail of cold resistance (worn)
 r - a +0 pair of boots (worn)
 y - a +2 cloak (worn)
Jewellery
 L - an amulet of dismissal (around neck)
 M - a +2 ring of dexterity (left hand)
 P - an uncursed ring of see invisible
 R - a ring of poison resistance (right hand)
Wands
 a - a wand of paralysis (19/24)
 d - a wand of digging (16/24)
 I - a wand of slowing (11/48)
 Q - a wand of confusion (27/48)
Scrolls
 i - 7 scrolls of remove curse
 o - a scroll of teleportation
 v - a scroll of magic mapping
 J - 2 scrolls of identify
 O - 2 scrolls of fog
Potions
 k - a potion of cure mutation
 m - 3 potions of curing
 n - a potion of resistance
 t - 2 potions of flight
 u - 3 potions of lignification
 x - a potion of brilliance
 E - a potion of berserk rage {unknown}
 H - 3 potions of heal wounds
Books
 D - a book of Debilitation

   Spells                             Type                      Level
   a - Corona                         Hexes                        1
   b - Slow                           Hexes                        2
   c - Gell's Gravitas                Hexes/Translocation          3
   d - Inner Flame                    Hexes/Fire                   3
   e - Cause Fear                     Hexes                        4
   f - Leda's Liquefaction            Hexes/Earth                  4
   Trog disapproves of the use of such an item.
Comestibles
 f - 2 bread rations
 A - 11 royal jellies
 B - 3 beef jerkies
 C - 5 meat rations
 G - 2 fruits


   Skills:
 + Level 6.4 Fighting
   Level 5.0(6.1) Axes
 + Level 2.3(4.0) Maces & Flails
 + Level 4.6(5.6) Polearms
 + Level 5.1 Slings
 + Level 7.3 Bows
 + Level 9.2 Armour
 * Level 9.7 Dodging
 + Level 1.1 Stealth
 + Level 6.9 Shields


You had 9 spell levels left.
You didn't know any spells.

Dungeon Overview and Level Annotations

Branches:
Dungeon (10/15)            Temple (0/1) D:4            Lair (0/8) D:10
    Orc (2/2) D:10            Elf (0/3) Orc:2

Altars:
Cheibriados
Elyvilon
Fedhas
Gozag
Makhleb
Nemelex Xobeh
Okawaru
Pakellas
Ru
Trog
Xom
Yredelemnul
Zin
The Shining One
Beogh

Shops:
Orc:1 !


Innate Abilities, Weirdness & Mutations

You reflexively headbutt those who attack you in melee.
You have a pair of horns on your head.


Message History

You feel sick.
An orc and an orc wizard come into view.
* * * LOW HITPOINT WARNING * * *
You feel sick.
You see here an arrow.
* * * LOW HITPOINT WARNING * * *
You feel sick.
* * * LOW HITPOINT WARNING * * *
You feel sick.
* * * LOW HITPOINT WARNING * * *
You feel sick.
* * * LOW HITPOINT WARNING * * *
You feel sick.
* * * LOW HITPOINT WARNING * * *
You feel sick.
* * * LOW HITPOINT WARNING * * *
You feel sick.
* * * LOW HITPOINT WARNING * * *
You feel sick.
You die...

#..#.## ......#
####.#...##
##.........#
#..........# ..
##........# #....
##........## ......
#....#@....##.......
#..........#........ ..
##.................##..
#...................#..
##$....................
#.................(....
##...............$.....
#......................
#......................


There were no monsters in sight!

Vanquished Creatures
  An orc sorcerer (Orc:2)
  Maurice (Orc:2)
  Grinder (D:3)
  Sigmund (D:6)
  3 hippogriffs
  2 hungry ghosts
  3 wargs (D:10)
  Duvessa (D:4)
  Purgy (Sewer)
  4 orc warriors
  3 ice beasts (D:8)
  2 phantoms
  7 ogres
  6 centaurs
  4 giant frogs
  A wyvern skeleton (D:6)
  Dowan (D:4)
  3 scorpions
  5 wights (D:8)
  5 howler monkeys
  7 crimson imps
  A quasit (D:5)
  A giant frog zombie (D:9)
  7 jellies
  8 hounds
  2 giant frog skeletons
  7 orc priests
  Jessica (D:3)
  An iguana (D:6)
  13 orc wizards
  Natasha (thrice) (D:3)
  7 worker ants
  A killer bee zombie (D:10)
  3 hound zombies
  A hound skeleton (D:6)
  A howler monkey zombie (D:8)
  A worker ant zombie (D:10)
  5 adders
  A howler monkey skeleton (D:10)
  3 shadow imps
  6 oozes
  5 adder skeletons
  A worm (D:3)
  2 dart slugs
  4 giant geckos
  32 orcs
  A ball python (D:3)
  6 giant cockroaches
  A gnoll zombie (D:8)
  4 goblins
  4 hobgoblins
  13 jackals
  2 kobolds
  6 quokkas
  8 bats
  A giant gecko skeleton (D:7)
  2 giant newts
  A hobgoblin zombie (D:8)
  A jackal skeleton (D:4)
  4 rats
  A spectral orc (D:4)
  A plant (D:1)
235 creatures vanquished.

Notes
Turn   | Place    | Note
--------------------------------------------------------------
     0 | D:1      | whoisvolos the Minotaur Fighter began the quest for the Orb.
     0 | D:1      | Reached XP level 1. HP: 19/19 MP: 0/0
   394 | D:1      | Reached XP level 2. HP: 27/27 MP: 1/1
   908 | D:2      | Reached XP level 3. HP: 27/33 MP: 2/2
  1740 | D:3      | Noticed Natasha
  1762 | D:3      | Killed Natasha
  1762 | D:3      | Reached XP level 4. HP: 25/40 MP: 3/3
  1776 | D:3      | Noticed Natasha
  1874 | D:4      | Found a staircase to the Ecumenical Temple.
  1911 | D:4      | Noticed Dowan
  1912 | D:4      | Noticed Duvessa
  2132 | D:3      | Killed Natasha
  2132 | D:3      | Reached skill level 5 in Armour
  2132 | D:3      | Reached skill level 1 in Dodging
  2147 | D:3      | Reached XP level 5. HP: 46/46 MP: 4/4
  2226 | D:3      | Found a faded altar to an unknown god.
  2289 | D:3      | Noticed Natasha
  2297 | D:3      | Killed Natasha
  2355 | D:3      | Noticed Jessica
  2383 | D:3      | Killed Jessica
  2554 | D:3      | Noticed Grinder
  2561 | D:3      | Killed Grinder
  2561 | D:3      | Reached skill level 1 in Slings
  2561 | D:3      | Reached skill level 5 in Shields
  2561 | D:3      | Reached XP level 6. HP: 29/53 MP: 5/5
  2854 | D:3      | Found a sacrificial altar of Ru.
  2854 | D:3      | Found a shimmering altar of Xom.
  3203 | D:4      | Reached XP level 7. HP: 60/60 MP: 6/6
  3246 | D:4      | Killed Duvessa
  3249 | D:4      | Killed Dowan
  3864 | D:4      | Found a glowing golden altar of the Shining One.
  3864 | D:4      | Found a white marble altar of Elyvilon.
  3865 | D:4      | Found a glowing silver altar of Zin.
  3900 | D:4      | Found a bloodstained altar of Trog.
  3904 | D:4      | Became a worshipper of Trog the Wrathful
  3954 | D:4      | Found a basalt altar of Yredelemnul.
  4231 | D:5      | Entered Level 5 of the Dungeon
  4286 | D:5      | Reached skill level 5 in Axes
  4639 | D:5      | Found a glowing drain.
  4653 | Sewer    | Entered a sewer
  4683 | Sewer    | Noticed Purgy
  4702 | Sewer    | Killed Purgy
  4702 | Sewer    | Reached skill level 5 in Fighting
  4702 | Sewer    | Reached XP level 8. HP: 68/68 MP: 7/7
  4895 | D:5      | Found a burning altar of Makhleb.
  5709 | D:6      | Reached skill level 1 in Maces & Flails
  5840 | D:6      | Found an iron altar of Okawaru.
  5851 | D:6      | Reached * piety under Trog
  6074 | D:6      | Noticed Sigmund
  6089 | D:6      | Killed Sigmund
  6089 | D:6      | Reached skill level 5 in Dodging
  6145 | D:6      | Found a sparkling altar of Nemelex Xobeh.
  6146 | D:6      | Found an opulent altar of Gozag.
  6371 | D:7      | Found a blossoming altar of Fedhas.
  6451 | D:7      | Reached skill level 5 in Slings
  6505 | D:7      | Reached XP level 9. HP: 74/74 MP: 8/8
  6615 | D:7      | Reached skill level 1 in Bows
  7045 | D:7      | Reached ** piety under Trog
  7172 | D:8      | Reached skill level 1 in Polearms
  7799 | D:8      | Found a sand-covered staircase.
  8096 | D:8      | Found a snail-covered altar of Cheibriados.
  8158 | D:8      | Found a sparkling altar of Nemelex Xobeh.
  8334 | D:8      | Reached XP level 10. HP: 60/83 MP: 9/9
  8868 | D:9      | Reached *** piety under Trog
  9720 | D:9      | Found an oddly glowing altar of Pakellas.
 10026 | D:9      | Reached skill level 5 in Bows
 10455 | D:10     | Entered Level 10 of the Dungeon
 10890 | D:10     | Found a staircase to the Lair.
 11023 | D:10     | Reached skill level 1 in Stealth
 11031 | D:10     | Found a staircase to the Orcish Mines.
 11533 | Orc:1    | Entered Level 1 of the Orcish Mines
 11534 | Orc:1    | Found Ixuonnei's Distillery.
 11813 | Orc:1    | Bought a potion of heal wounds for 75 gold pieces
 11824 | Orc:1    | Found a roughly hewn altar of Beogh.
 11867 | Orc:2    | Entered Level 2 of the Orcish Mines
 11893 | Orc:2    | Noticed an orc sorcerer
 11910 | Orc:2    | Killed an orc sorcerer
 11917 | Orc:2    | Reached **** piety under Trog
 12177 | Orc:2    | Found a staircase to the Elven Halls.
 12274 | Orc:2    | Noticed Maurice
 12305 | Orc:2    | Killed Maurice
 12312 | Orc:2    | HP: 4/84 [poisoned by Maurice]
 12316 | Orc:2    | HP: 1/84 [poisoned by Maurice]
 12319 | Orc:2    | Succumbed to Maurice's poison

Skill      XL: |  1  2  3  4  5  6  7  8  9 10 |
---------------+-------------------------------+-----
Armour         | 4 5 6 7 8 9 |  9.2
Shields        | 4 5 6 |  6.9
Axes           | 3 4 5 |  5.0
Fighting       | 4 5 6 |  6.4
Dodging        | 1 2 3 5 8 9 |  9.7
Slings         | 1 3 5 |  5.1
Maces & Flails | 2 |  2.3
Bows           | 4 7 |  7.3
Polearms       | 3 4 |  4.6
Stealth        | 1 |  1.1

Action                   |  1- 3 |  4- 6 |  7- 9 | 10-12 || total
-------------------------+-------+-------+-------+-------++-------
Melee: War axe           |    84 |    55 |    56 |       ||   195
       Headbutt          |     7 |     9 |    55 |    47 ||   118
       Flail             |       |       |    69 |       ||    69
       Scythe            |       |       |    47 |       ||    47
       Halberd           |       |       |   153 |   158 ||   311
 Fire: Hunting sling     |       |    19 |    55 |       ||    74
       Shortbow          |       |       |    87 |   160 ||   247
Throw: Stone             |       |       |     3 |     2 ||     5
Evoke: Wand              |       |       |     1 |       ||     1
  Use: Potion            |     3 |       |     2 |     1 ||     6
       Scroll            |    10 |     6 |    11 |     6 ||    33
  Eat: Chunk             |     3 |     3 |     4 |       ||    10
       Fruit             |       |     1 |     4 |     2 ||     7
       Beef jerky        |       |       |     2 |       ||     2
       Bread ration      |       |       |     2 |     1 ||     3
       Meat ration       |       |       |     2 |     1 ||     3
       Pizza             |       |       |       |     1 ||     1
Armor: Scale mail        |    32 |    26 |   288 |    94 ||   440
Dodge: Dodged            |    23 |    21 |   259 |   141 ||   444
Block: Shield            |    35 |    31 |    75 |       ||   141
